 Dungeon Crawl Stone Soup version 0.29.1-4-g47bece8355 (webtiles) character file.

Game seed: 10343979124163517681

2481 raph the Arsonist (level 9, -6/67 HPs)
             Began as a Hill Orc Fire Elementalist on Dec 7, 2022.
             Was a Follower of Beogh.
             Mangled by a killer bee (8 damage)
             ... on level 9 of the Dungeon.
             The game lasted 00:13:37 (10783 turns).

raph the Arsonist (Hill Orc Fire Elementalist)     Turns: 10783, Time: 00:13:37

Health: -6/67      AC:  6    Str: 11    XL:     9   Next: 51%
Magic:  16/16      EV: 13    Int: 19    God:    Beogh [*.....]
Gold:   609        SH:  0    Dex: 11    Spells: 4/17 levels left

rFire   + . .      SeeInvis .   b - staff of conjuration
rCold   x . .      Faith    .   j - +0 buckler
rNeg    . . .      Spirit   .   z - +1 robe
rPois   .          Reflect  .   (no helmet)
rElec   .          Harm     .   (no cloak)
rCorr   .          Rampage  .   t - +2 pair of gloves
Will    .....                   (no boots)
Stlth   +.........              (no amulet)
HPRegen 0.21/turn               G - ring of fire
MPRegen 0.15/turn               (no ring)

@: confused, lethally poisoned (-6 -> -13), ambrosia-drunk
A: no striking features
a: Renounce Religion


You were on level 9 of the Dungeon.
You worshipped Beogh.
Beogh was aware of your devotion.
You visited 1 branch of the dungeon, and saw 9 of its levels.

You collected 609 gold pieces.

Inventory:

Hand Weapons
 a - the +9 flail of Gerch {vorpal, rElec rCorr SInv}
   (You found it on level 7 of the Dungeon)

   It inflicts extra damage upon your enemies.
   rElec:     It insulates you from electricity.
   SInv:      It lets you see invisible.
   rCorr:     It protects you from acid and corrosion.
 d - the +12 longbow of the Foot {speed, +Blink rElec Str+4 Dex-5}
   (You found it on level 3 of the Dungeon)

   Attacks with this weapon are significantly faster.
   Str:       It affects your strength (+4).
   Dex:       It affects your dexterity (-5).
   rElec:     It insulates you from electricity.
   +Blink:    It lets you blink.
 f - a +1 hand axe of protection
Missiles
 e - 23 poisoned darts
 x - 6 javelins
Armour
 j - a +0 buckler (worn)
 t - a +2 pair of gloves (worn)
 z - a +1 robe (worn)
Magical Staves
 b - a staff of conjuration (weapon)
Jewellery
 p - a ring of flight
 G - a ring of fire (left hand)
Wands
 i - a wand of digging (9)
 s - a wand of roots (10)
 v - a wand of acid (8)
Scrolls
 n - 2 scrolls of magic mapping
 w - a scroll of enchant weapon
 A - a scroll of fog
 F - a scroll of identify
Potions
 c - 2 potions of brilliance
 g - a potion of ambrosia
 h - 4 potions of attraction {unknown}
 l - a potion of resistance {unknown}
 m - a potion of curing
 o - a potion of berserk rage
 q - 3 potions of flight
 r - a potion of lignification {unknown}
 u - 4 potions of might {unknown}
 y - 2 potions of magic
 B - a potion of haste {unknown}
 C - a potion of mutation {unknown}
 D - a potion of heal wounds {unknown}
 E - a potion of degeneration {unknown}


   Skills:
 + Level 1.6 Fighting
 + Level 4.9 Dodging
 - Level 1.5 Stealth
 + Level 5.9 Shields
 + Level 4.7 Spellcasting
 + Level 1.3 Conjurations
 + Level 8.8 Fire Magic


You had 4 spell levels left.
You knew the following spells:

 Your Spells              Type           Power      Damage    Failure   Level
a - Foxfire               Conj/Fire      100%       2x1d9     1%          1
b - Scorch                Fire           100%       2d10      1%          2
c - Conjure Flame         Conj/Fire      52%        6-21      6%          3
d - Inner Flame           Hex/Fire       32%        N/A       8%          3
e - Sticky Flame          Conj/Fire      52%        2d7       21%         4

Your spell library contained the following spells:

 Spells                   Type           Power      Damage    Failure   Level
 Static Discharge         Conj/Air       10%        3-5/arc   19%         2
 Flame Wave               Conj/Fire      52%        2d13      21%         4
 Gell's Gravitas          Tloc           4%         N/A       43%         3
 Teleport Other           Tloc           4%         N/A       43%         3
 Dispel Undead            Necr           4%         3d7       85%         4
 Lightning Bolt           Conj/Air       5%         1d17      98%         5
 Summon Forest            Summ/Tloc      2%         N/A       99%         5
 Summon Mana Viper        Hex/Summ       4%         N/A       99%         5
 Dispersal                Tloc           2%         N/A       100%        6
 Summon Cactus Giant      Summ           2%         N/A       100%        6
 Maxwell's Capacitive Co  Air            2%         ∞         100%        8


Dungeon Overview and Level Annotations

Branches:
Dungeon (9/15)             Temple (0/1) D:5
   Lair: D:8-11         Orc: D:9-12

Altars:
Ashenzari
Ru
Sif Muna
Trog
Vehumet
Zin

Shops:
D:8 *[

Annotations:
D:9 1 runed translucent door, t4s4d4r's ghost, journeyman DEEE


Message History

You feel sick.
You climb downwards.
* * * LOW HITPOINT WARNING * * *
You feel sick.
The killer bee buzzes angrily. x4
Found a broad axe, a scroll of enchant weapon and a scroll of teleportation.
Found a stone staircase leading down.
Found a runed translucent door.
There is a stone staircase leading up here.
You feel better.
The killer bee stings you but does no damage.
You block the killer bee's attack.
Casting: Foxfire (safe; 1% risk of failure)
Confirm with . or Enter, or press ? or * to list all spells.
Okay, then.
Okay, then.
You are confused.
You feel invigorated. The killer bee stings you.
* * * LOW HITPOINT WARNING * * *
The killer bee stings you but does no damage.
The killer bee stings you.
* * * LOW HITPOINT WARNING * * *
The killer bee closely misses you.
The killer bee attacks as you move away!
The killer bee stings you!
* * * LOW HITPOINT WARNING * * *
The killer bee attacks as you move away!
The killer bee completely misses you.
The killer bee attacks as you move away!
The killer bee stings you.
* * * LOW HITPOINT WARNING * * *
The killer bee stings you but does no damage.
The killer bee stings you.
* * * LOW HITPOINT WARNING * * *
Found a sedimented ruby potion.
The killer bee stings you.
* * * LOW HITPOINT WARNING * * *
The killer bee stings you.
* * * LOW HITPOINT WARNING * * *
You are lethally poisoned!
The killer bee poisons you! The killer bee stings you!
You die...

# .#### ## !
.... .#
#.##..####.####
#.............#
####...y......#
....)..@yy..>.#
#####..yy.....#
#..........##
#.....###...#
#....##W##...#
#...##...##....
#..##..?..##...#
#..+...♣?.⌠#...#


You could see 5 killer bees and t4s4d4r's ghost.

Vanquished Creatures
  Sigmund (D:4)
  A wyvern (D:8)
  A water moccasin (D:7)
  3 ice beasts
  A black bear (D:4)
  3 ogres
  2 centaurs
  A phantom (D:5)
  A kobold brigand (D:7)
  3 bullfrogs
  A gnoll sergeant (D:6)
  2 necrophages (D:6)
  3 scorpions
  A howler monkey (D:6)
  3 hounds
  An orc priest (D:3)
  A gnoll bouda (D:1)
  2 iguanas (D:6)
  An orc wizard (D:3)
  10 gnolls
  8 adders
  4 shadow imps
  2 white imps
  3 worms
  3 dart slugs
  13 orcs
  7 ball pythons
  7 endoplasms
  2 giant cockroaches
  8 goblins
  9 hobgoblins
  5 jackals
  13 kobolds
  5 bats
  4 frilled lizards
  5 rats
140 creatures vanquished.

Vanquished Creatures (others)
  An orc (D:4)
  376 foxfires
  2 plants (D:5)
379 creatures vanquished.

Grand Total: 519 creatures vanquished

Notes
Turn   | Place    | Note
-------+----------+-------------------------------------------
     0 | D:1      | raph the Hill Orc Fire Elementalist began the quest for the
                  | Orb.
     0 | D:1      | Reached XP level 1. HP: 14/14 MP: 3/3
   358 | D:1      | Found a faded altar of an unknown god.
   378 | D:1      | Reached XP level 2. HP: 7/20 MP: 0/4
   591 | D:1      | Learned a level 2 spell: Scorch
   609 | D:1      | Reached skill level 4 in Fire Magic
  1077 | D:2      | Reached XP level 3. HP: 22/26 MP: 0/5
  1642 | D:2      | Reached skill level 5 in Fire Magic
  2184 | D:2      | Reached XP level 4. HP: 33/33 MP: 1/6
  2921 | D:1      | Learned a level 3 spell: Conjure Flame
  3303 | D:2      | Reached skill level 6 in Fire Magic
  3303 | D:2      | Reached XP level 5. HP: 31/38 MP: 1/7
  3454 | D:2      | Found a bloodstained altar of Trog.
  4771 | D:3      | Identified the +12 longbow of the Foot {speed, +Blink rElec
                  | Str+4 Dex-5}
  5286 | D:3      | Reached skill level 1 in Shields
  5401 | D:4      | Noticed an ogre
  5402 | D:4      | Reached XP level 6. HP: 45/45 MP: 5/9
  5985 | D:4      | Reached XP level 7. HP: 38/50 MP: 2/11
  6100 | D:4      | Learned a level 3 spell: Inner Flame
  6190 | D:4      | Became a worshipper of Beogh the Brigand
  6429 | D:4      | Reached skill level 7 in Fire Magic
  6567 | D:4      | Noticed Sigmund
  6575 | D:4      | Killed Sigmund
  6750 | D:5      | Entered Level 5 of the Dungeon
  6867 | D:5      | Identified a scroll of acquirement
  6867 | D:5      | Acquired 237 gold pieces
  6889 | D:5      | Reached XP level 8. HP: 57/57 MP: 1/13
  6989 | D:5      | Found a radiant altar of Vehumet.
  6989 | D:5      | Found a glowing silver altar of Zin.
  7703 | D:5      | Found a shimmering blue altar of Sif Muna.
  7951 | D:5      | Found a staircase to the Ecumenical Temple.
  8041 | D:6      | Reached skill level 8 in Fire Magic
  8228 | D:6      | Learned a level 4 spell: Sticky Flame
  8256 | D:6      | Reached skill level 5 in Shields
  8453 | D:6      | Found a broken altar of Ashenzari.
  8498 | D:6      | Reached XP level 9. HP: 50/62 MP: 0/15
  8898 | D:6      | Found a sacrificial altar of Ru.
  9601 | D:7      | Reached * piety under Beogh
  9741 | D:7      | Identified the +9 flail of Gerch {vorpal, rElec rCorr SInv}
 10086 | D:7      | Reached skill level 1 in Fighting
 10756 | D:8      | Found Gagg's Assorted Antiques.
 10768 | D:8      | Found Cumer's Antique Armour Shoppe.
 10779 | D:9      | Noticed t4s4d4r's ghost (journeyman DEEE)
 10779 | D:9      | Found a runed translucent door.
 10783 | D:9      | HP: 2/67 [killer bee (5)]
 10783 | D:9      | Mangled by a killer bee

Illustrated notes

Levels and vault maps discovered:
D:1:      giann_horns, layout_rooms, shapermc_ecumenical_altar_mp_highgroup,
          minmay_misc_feat_square
D:2:      minmay_inner_zag, layout_loops_ring, basic_altar, grunt_ministairs_8,
          minivault_27, kennysheep_generic_room_13
D:3:      minmay_octagon_keep, layout_basic, kennysheep_cluttered_room,
          minmay_misc_feat_five
D:4:      layout_cave_pools, eino_tiny_chamber, guppyfry_early_orc_mine,
          uniq_sigmund
D:5:      layout_basic, lemuel_round_altar, jmf_multi_god_temple,
          temple_doors_ab, serial_bayou, serial_bayou_pond_e,
          serial_bayou_shore_b, serial_bayou_shore_a, serial_bayou_pond_e
D:6:      layout_rooms, mainiacjoe_overflow_paths, lemuel_round_altar
D:7:      layout_rooms, serial_park_tiny_1
D:8:      layout_rooms, serial_shops, nicolae_stop_n_shop_2, shop,
          small_chamber_with_monster, uniq_gastronok
D:9:      layout_basic, elyvilon_altar_1, mainiacjoe_overflow_tiny_flanked,
          orc_0_dummy, serial_shops, shop_statue,
          hellmonk_ghost_happy_afterlife, nicolae_island_escapes

Skill      XL: |  1  2  3  4  5  6  7  8  9 |
---------------+----------------------------+-----
Fire Magic     | 4 5 6 7 8 |  8.8
Spellcasting   | 2 3 4 |  4.7
Shields        | 1 2 3 5 |  5.9
Dodging        | 2 3 4 |  4.9
Fighting       | 1 |  1.6
Stealth        | |  1.5
Conjurations   | |  1.3

Action                   |  1- 3 |  4- 6 |  7- 9 || total
-------------------------+-------+-------+-------++-------
Melee: Hand axe          |    32 |     6 |    14 ||    52
       Punch             |     1 |       |       ||     1
       Staff             |       |       |     1 ||     1
 Cast: Foxfire           |    34 |    71 |   109 ||   214
       Scorch            |     9 |    30 |    61 ||   100
       Conjure Flame     |       |     1 |       ||     1
       Inner Flame       |       |       |     9 ||     9
Invok: Convert to Beogh  |       |       |     1 ||     1
Evoke: Wand              |       |       |     2 ||     2
  Use: Scroll            |       |    13 |     8 ||    21
       Potion            |       |       |     2 ||     2
 Stab: Sleeping          |       |       |     1 ||     1
Armor: Robe              |    20 |     5 |    37 ||    62
Dodge: Dodged            |    51 |    36 |    65 ||   152
Block: Buckler           |       |       |     9 ||     9
